 Dungeon Crawl Stone Soup version 0.25.0-33-gff14898491 (webtiles) character file.

Game seed: 1960320714634540553

(classic levelgen) 289074 EnegeticOcto the Evocator (level 19, -10/164 HPs)
             Began as a Deep Dwarf Fighter on July 7, 2020.
             Was the Champion of Ru.
             Mangled by a death cob (13 damage)
             ... on level 1 of the Realm of Zot.
             The game lasted 01:11:40 (7483 turns).

EnegeticOcto the Evocator (Deep Dwarf Fighter)      Turns: 7483, Time: 01:11:41

Health: -10/164    AC: 33    Str: 26    XL:     19   Next: 47%
Magic:  4/4        EV: 12    Int:  9    God:    Ru [******]
Gold:   248        SH: 23    Dex: 15    Spells: 18/18 levels left

rFire    + + .     SeeInvis .   y - +7 war axe (drain)
rCold    + + .     Gourm    .   g - +2 tower shield
rNeg     + . .     Faith    .   L - +0 gold dragon scales
rPois    +         Spirit   .   Y - +2 helmet
rElec    .         Reflect  .   N - scarf {repulsion}
rCorr    .         Harm     .   m - +2 pair of gloves {Dex+3}
MR       ++...                  H - +1 pair of boots
Stlth    ..........             (no amulet)
HPRegen  0.00/turn              d - ring of Knowledge {rF+ rC+ AC+4, =R}
MPRegen  0.09/turn              X - +4 ring of evasion

@: exhausted, marked, non-regenerating, studying Dodging, lightly drained, repel
missiles, very slow
A: damage resistance, heal wounds, frail 1, mutation resistance 1, negative
energy resistance 1, sense surroundings 3, weak 1, no stealth, hated by all,
inexperienced 1, no regeneration
}: 3/15 runes: barnacled, abyssal, gossamer
a: Heal Wounds, Draw Out Power, Power Leap, Apocalypse, Renounce Religion


You were on level 1 of the Realm of Zot.
You worshipped Ru.
Ru was exalted by your worship.
You were not hungry.

You visited 7 branches of the dungeon, and saw 33 of its levels.
You visited the Abyss 1 time.
You also visited: Gauntlet and Ice Cave.

You collected 520 gold pieces.
You spent 272 gold pieces at shops.

Inventory:

Hand Weapons
 a - a +0 war axe of flaming
 p - a +7 hand crossbow of freezing
 y - a +7 war axe of draining (weapon)
Missiles
 n - 38 bolts
 M - 5 throwing nets (quivered) {!f}
 O - 4 curare-tipped darts
Armour
 c - the +0 plate armour of Understanding {Regen+}
   (You found it on level 1 of the Depths)

   It increases your rate of regeneration.
 g - a +2 tower shield (worn)
 i - a +1 helmet
 j - a +0 plate armour
 m - a +2 pair of gloves of dexterity (worn)
 o - a +1 scale mail of cold resistance
 q - a +0 cloak
 z - a +4 plate armour
 H - a +1 pair of boots (worn)
 K - +0 storm dragon scales
 L - +0 gold dragon scales (worn)
 N - a scarf of repulsion (worn)
 Y - a +2 helmet (worn)
Jewellery
 d - the ring of Knowledge (left hand) {rF+ rC+ AC+4, =R}
   (You took it off a minotaur in a Gauntlet)

   [ring of protection]

   It affects your AC (+4).
   It protects you from fire.
   It protects you from cold.
 A - an uncursed ring of fire
 B - an uncursed ring of fire
 J - an uncursed ring of stealth
 S - a +6 ring of intelligence
 W - an uncursed ring of protection from fire
 X - a +4 ring of evasion (right hand)
Wands
 r - a wand of random effects (1)
 x - a wand of enslavement (11)
 D - a wand of iceblast (7) {@v2}
 I - a wand of digging (5) {@v3}
Scrolls
 k - 3 scrolls of remove curse {@r2}
 w - 4 scrolls of fog {!r}
 R - a scroll of immolation
Potions
 f - 4 potions of heal wounds {@q2 !q}
 s - a potion of magic
 t - a potion of cancellation
 u - 3 potions of mutation
 v - a potion of stabbing {@q5 !q}
 F - a potion of degeneration
 G - 2 potions of brilliance
 Q - a potion of flight
 U - a potion of resistance
 V - 3 potions of ambrosia
Books
 b - a manual of Dodging
Miscellaneous
 h - a lightning rod (4/4)
 l - a box of beasts
 C - a tin of tremorstones (inert)
 E - a phial of floods (inert)
Comestibles
 e - 7 rations


   Skills:
 + Level 14.6(14.1) Fighting
 - Level 17.0(16.5) Axes
 + Level 15.1(14.7) Armour
 - Level 8.8(8.4) Dodging
 - Level 15.0(14.5) Shields
 + Level 22.7(22.2) Evocations


You had 18 spell levels left.
You didn't know any spells.
Your spell library contained the following spells:

 Spells                   Type           Power        Failure   Level  Hunger
 Freeze                   Ice            #...         100%        1    ##.....
 Frozen Ramparts          Ice            #.....       100%        3    ####...
 Ozocubu's Armour         Chrm/Ice       #.......     100%        3    ####...
 Hailstorm                Conj/Ice       #.......     100%        4    #####..
 Bolt of Magma            Conj/Fire/Erth #.........   100%        5    ######.
 Iskenderun's Battlesphe  Conj/Chrm      #.......     100%        5    ######.
 Iron Shot                Conj/Erth      #.........   100%        6    #######
 Orb of Destruction       Conj           #.........   100%        7    #######
 Summon Ice Beast         Ice/Summ       Unusable     N/A         4    N/A
 Spellforged Servitor     Conj/Summ      Unusable     N/A         7    N/A

Dungeon Overview and Level Annotations

Branches:
Dungeon (15/15)            Temple (1/1) D:4            Lair (3/6) D:11
 Shoals (4/4) Lair:3       Spider (4/4) Lair:3       Vaults (0/5) D:13
 Depths (5/5) D:15            Zot (1/5) Depths:5      IceCv (visited)
Gauntlet (visited)
    Orc: D:9-12

Altars:
Ashenzari
Cheibriados
Elyvilon
Fedhas
Gozag
Nemelex Xobeh
Okawaru
Ru
Sif Muna
Trog
Wu Jian
Yredelemnul
Zin

Shops:
D:9 [   D:11 }

Portals:
Hell: Depths:1
Abyss: Depths:2 Depths:4
Trove: D:11 (give 14 potions of heal wounds)

Annotations:
D:8 2 transporters, mmigdal's ghost, novice DsSk
Lair:2 3 runed translucent doors, Cato's ghost, journeyman DECj; Weugil's ghost, journeyman HaBe
Shoals:1 3 runed translucent doors, sosloow's ghost, journeyman HOTm; voshxx's ghost, journeyman OgFE
Shoals:3 exclusion: oklob plant


Innate Abilities, Weirdness & Mutations

You are resistant to damage.
You can heal yourself by infusing magical energy.
You are frail. (-10% HP)
You resist negative energy. (rN+)
You passively map a large area around you.
You are weak. (Str -2)
You cannot be stealthy.
You are hated by all.
You are somewhat inexperienced. (-2 XL)
You do not regenerate.
You are somewhat resistant to further mutation.


Message History

You block the tentacled monstrosity's attack. x2
The tentacled monstrosity constricts you.
You redirect the death cob's attack!
The death cob hits the tentacled monstrosity!
The tentacled monstrosity dies!
Evoke which item? (* to show all) (? for menu, Esc to quit)
That's the wrong kind of item! (Use * to select it.) Evoke which item? (* to show all) (? for menu, Esc to quit)
The tremorstone explodes into fragments!
The burst of rock shards engulfs the orb of fire but does no damage.
The burst of rock shards engulfs the death cob!
The burst of rock shards engulfs the orb of fire but does no damage.
The burst of rock shards engulfs the storm dragon but does no damage.
The burst of rock shards engulfs the orb of fire but does no damage.
The burst of rock shards engulfs the death cob!
You destroy the death cob!
Your life force feels restored.
The burst of rock shards engulfs the orb of fire but does no damage. x2
The burst of rock shards engulfs the storm dragon but does no damage.
The tin is emptied!
You redirect the orb of fire's attack!
The orb of fire glows bright magenta.
The bolt of fire hits the storm dragon!!
The storm dragon breathes lightning at you.
The bolt of lightning hits the orb of fire.
The orb of fire completely resists.
The bolt of lightning hits you!!
A storm dragon comes into view.
You are restored by drawing out deep reserves of power within.
You feel drained.
You redirect the storm dragon's attack!
The electric golem hurls lightning at you.
The bolt of lightning hits the storm dragon.
The storm dragon completely resists.
The bolt of lightning hits the orb of fire.
The orb of fire completely resists.
The bolt of lightning hits you!!
The storm dragon breathes lightning at you.
The bolt of lightning misses you.
The orb of fire glows red.
The bolt of fire hits you!! You resist.
You closely miss the orb of fire.
The orb of fire is lightly damaged.
A death cob comes into view.
The orb of fire emits a lurid red light.
The bolt of fire hits you! You resist.
An orb of fire comes into view.
The electric golem crackles and sizzles.
The electric golem begins to attack, but is stunned by your will!
A moth of wrath comes into view.
Unknown command.
Okay, then.
Okay, then.
Okay, then.
Okay, then.
Evoke which item? (* to show all) (? for menu, Esc to quit)
Aim the phial where?
Press: ? - help, Shift-Dir - straight line, f - orb of fire
Aim: an orb of fire (lightly damaged)
The torrent of water misses the orb of fire.
The wave splashes down.
The orb of fire is engulfed in water.
Splash!
You fall into the shallow water.
Moving in this stuff is going to be slow.
The storm dragon breathes lightning at you.
The bolt of lightning hits the orb of fire.
The orb of fire completely resists.
The bolt of lightning hits you!!
The electric golem hurls lightning at you.
The bolt of lightning hits the storm dragon.
The storm dragon completely resists.
The bolt of lightning misses the orb of fire.
The bolt of lightning hits you!!
* * * LOW HITPOINT WARNING * * *
The orb of fire emits a lurid red light.
The bolt of fire hits you!! You resist.
* * * LOW HITPOINT WARNING * * *
You feel much better.
The moth of wrath angrily waves its antennae.
The death cob hits you!!
* * * LOW HITPOINT WARNING * * *
A purple draconian comes into view. It is wielding a +0 scimitar.
The electric golem crackles and sizzles.
The electric golem begins to attack, but is stunned by your will!
Are you sure you want to abandon this character and quit the game? (Confirm with "yes".)
Okay, then.
You hit the orb of fire but do no damage.
The orb of fire is lightly damaged.
You hit the death cob but do no damage.
The death cob hits you but does no damage.
You redirect the orb of fire's attack!
The death cob splashes around in the water.
You miss the orb of fire.
The orb of fire is lightly damaged.
Your shield and gold dragon scales prevent you from hitting the storm dragon.
You barely miss the death cob.
The death cob splashes around in the water.
The orb of fire emits a lurid red light.
The bolt of fire hits you!! You resist.
* * * LOW HITPOINT WARNING * * *
The storm dragon breathes lightning at you.
The bolt of lightning misses you. The death cob hits you!
You die...

,,, , ** , , ...... * ,
...##.,, * ,.. ##....# ,
, .d....,.*** ...##......
, ....#. .####
*..#....... * ,
...y8.##...#####........
*
,....*≈≈≈:...............
* , ,
..≈≈≈≈≈...............
**,* *, #≈*zDD#
*......).... * ,, #≈≈@≈#
#####..... * ,
#≈$≈§##########....#
....####...............
#... #.................
........................
#.....########.........#
#*... , #.........# #.
..$.......... # ,
...............


You could see 2 orbs of fire, an electric golem, 2 storm dragons, a purple
draconian, a death cob and a moth of wrath.

Vanquished Creatures
  An ancient lich (Depths:5)
  A juggernaut (Depths:5)
  Frederick (Depths:5)
  5 caustic shrikes (Depths:4)
  Jory (Depths:5)
  2 golden dragons (Depths:5)
  2 liches (Depths:4)
  A titan (Depths:5)
  A quicksilver dragon (Depths:5)
  5 tentacled starspawn (Abyss:3)
  Polyphemus (Shoals:2)
  A death cob (Zot:1)
  An Executioner (Abyss:3)
  2 sphinxes
  2 storm dragons (Depths:5)
  A draconian monk (Depths:5)
  2 shadow dragons
  Ilsuiw (Shoals:2)
  A fire giant (Depths:2)
  2 daevas (Abyss:3)
  A balrug (Abyss:3)
  3 ghost moths
  2 iron dragons (Depths:5)
  7 emperor scorpions (Spider:4)
  3 frost giants
  10 very ugly things
  2 spriggan defenders (Depths:4)
  A draconian annihilator (Depths:5)
  A deep elf demonologist (Abyss:4)
  A vampire knight (Depths:3)
  2 green draconians (Depths:5)
  6 stone giants
  A white draconian (Depths:5)
  A minotaur (Gauntlet)
  A dire elephant (D:15)
  A yellow draconian (Depths:5)
  8 spark wasps
  8 merfolk impalers
  A green death (Abyss:3)
  5 merfolk javelineers
  5 fire dragons
  3 ettins
  2 jiangshi (Depths:5)
  3 yaktaur captains
  2 great orbs of eyes
  2 rakshasas
  3 ice dragons
  A catoblepas (Shoals:2)
  4 spriggan air magi
  A merfolk avatar (Shoals:1)
  An alligator snapping turtle (Shoals:4)
  A death knight (D:12)
  8 deep troll shamans
  5 satyrs
  3 merfolk aquamancers
  2 death yaks (Shoals:2)
  5 deep troll earth magi
  A tengu warrior (Depths:1)
  2 two-headed ogres
  2 centaur warriors
  8 thrashing horrors (Abyss:3)
  A vampire mage (Depths:5)
  2 spriggan berserkers
  7 wretched stars
  2 sun demons (Abyss:3)
  17 sea snakes
  3 iron trolls
  A sixfirhy (Abyss:3)
  18 deep trolls
  4 unseen horrors
  6 glowing orange brains
  2 flayed ghosts
  A deep elf archer (Abyss:5)
  A kraken simulacrum (Shoals:4)
  9 orb spiders
  3 wizards
  9 harpies
  16 fauns
  2 deep elf magi (Abyss:5)
  A wolf spider zombie (D:10)
  13 wolf spiders
  3 ugly things
  5 cyclopes
  A shining eye (Gauntlet)
  3 moths of wrath (Zot:1)
  7 manticores
  4 worldbinders (Abyss:3)
  A moth of wrath (shapeshifter) (Depths:5)
  12 merfolk sirens
  A torpor snail (Spider:2)
  6 water nymphs (Shoals:4)
  A centaur zombie (D:15)
  2 spiny frogs (Lair:2)
  4 smoke demons (Abyss:3)
  A dire elephant skeleton (Abyss:3)
  2 gargoyles (D:15)
  2 hellwings (Abyss:3)
  A komodo dragon (Lair:1)
  A redback zombie (D:15)
  7 demonic crawlers
  2 freezing wraiths
  9 starcursed masses (Abyss:3)
  An ice devil (Depths:5)
  2 red devils (Abyss:3)
  9 yaktaurs
  29 merfolk
  5 ancient zymes (Abyss:3)
  5 trolls
  A golden dragon simulacrum (Abyss:3)
  2 tengu conjurers
  18 jumping spiders
  4 meliai (Abyss:5)
  A queen bee (Abyss:5)
  2 wind drakes
  A meliai (shapeshifter) (Depths:5)
  A harpy zombie (D:15)
  Prince Ribbit (D:9)
  6 snapping turtles
  4 dream sheep (Shoals:1)
  3 blink frogs (Abyss:3)
  8 slime creatures
  4 hippogriffs
  A shadow (Abyss:3)
  A vampire (D:13)
  45 redbacks
  3 yaks (D:11)
  8 water elementals
  A wyvern (D:9)
  3 ynoxinuls (Abyss:3)
  A wraith (D:15)
  20 tarantellas
  A chaos spawn (Gauntlet)
  6 vampire mosquitoes (D:15)
  A hungry ghost (D:8)
  5 neqoxecs
  2 wargs (D:11)
  5 hell hounds (Abyss:3)
  13 small abominations (Abyss:3)
  7 large abominations (Abyss:3)
  2 floating eyes (Gauntlet)
  4 orc warriors
  3 water moccasins
  A sky beast (D:15)
  10 ice beasts (D:11)
  A snapping turtle skeleton (Abyss:3)
  A spiny frog skeleton (Abyss:3)
  2 eyes of draining
  2 ogres
  9 centaurs
  2 crocodiles (Lair:3)
  A crocodile (shapeshifter) (D:13)
  A big kobold (D:11)
  7 bullfrogs
  A scorpion (D:4)
  2 killer bees (Abyss:5)
  7 howler monkeys
  5 wights (D:8)
  An electric eel (Spider:4)
  9 crimson imps
  3 centaur skeletons
  4 iron imps
  3 hounds
  3 jellies
  2 quasits (Abyss:3)
  A bullfrog skeleton (D:5)
  5 orc priests
  9 orc wizards
  6 worker ants
  A killer bee zombie (D:5)
  An adder (D:7)
  4 white imps (D:8)
  An ufetubus (Abyss:3)
  2 worms
  15 orcs
  A bat (D:1)
  2 goblins
  4 hobgoblins (D:1)
  7 jackals
  A quokka (D:11)
  2 frilled lizards
  A jackal zombie (D:6)
  7 kobolds
  A quokka skeleton (D:4)
  7 starspawn tentacles (Abyss:3)
750 creatures vanquished.

Vanquished Creatures (others)
  A tentacled monstrosity (Zot:1)
  A draconian monk (Depths:5)
  A merfolk impaler (Shoals:4)
  An ice dragon (Depths:4)
  A vampire mage (Depths:4)
  An iron troll (Depths:5)
  A harpy (Shoals:3)
  A manticore (D:15)
  A yaktaur (Depths:4)
  2 jumping spiders
  A water elemental (Depths:1)
  A shadow imp (Gauntlet)
  A white imp (Gauntlet)
  2 plants (Shoals:2)
  10 starspawn tentacles (Abyss:3)
  5 withered plants (Shoals:1)
31 creatures vanquished.

Grand Total: 781 creatures vanquished

Notes
Turn   | Place    | Note
-------+----------+-------------------------------------------
     0 | D:1      | EnegeticOcto the Deep Dwarf Fighter began the quest for the
                  | Orb.
     0 | D:1      | Reached XP level 1. HP: 20/20 MP: 1/1
    61 | D:1      | Reached skill level 3 in Axes
    64 | D:1      | Reached XP level 2. HP: 20/27 MP: 2/2
   153 | D:4      | Noticed a scorpion
   154 | D:4      | Found a staircase to the Ecumenical Temple.
   164 | D:4      | Reached skill level 4 in Axes
   164 | D:4      | Reached XP level 3. HP: 18/33 MP: 3/3
   165 | D:4      | Your magical essence is drained by the effort!
   173 | D:4      | Killed a scorpion
   173 | D:4      | Reached skill level 5 in Axes
   173 | D:4      | Reached XP level 4. HP: 35/40 MP: 3/3
   210 | Temple   | Entered the Ecumenical Temple
   263 | Temple   | Became a worshipper of Ru the Awakened
   304 | D:5      | Entered Level 5 of the Dungeon
   315 | D:5      | Reached XP level 5. HP: 36/46 MP: 4/4
   317 | D:5      | Reached skill level 6 in Axes
   389 | D:5      | Reached skill level 7 in Axes
   389 | D:5      | Reached XP level 6. HP: 45/55 MP: 5/5
   534 | D:7      | Noticed a hippogriff
   548 | D:7      | Killed a hippogriff
   548 | D:7      | Reached skill level 8 in Axes
   576 | D:8      | Noticed a hungry ghost
   582 | D:8      | Reached XP level 7. HP: 47/61 MP: 6/6
   589 | D:8      | Killed a hungry ghost
   589 | D:8      | Reached skill level 3 in Fighting
   607 | D:8      | Reached skill level 9 in Axes
   637 | D:8      | Reached skill level 4 in Fighting
   637 | D:8      | Reached XP level 8. HP: 56/72 MP: 7/7
   684 | D:7      | Noticed a two-headed ogre
   698 | D:7      | Your magical essence is drained by the effort!
   700 | D:7      | Your magical essence is drained by the effort!
   704 | D:7      | Your magical essence is drained by the effort!
   705 | D:7      | Killed a two-headed ogre
   705 | D:7      | Reached skill level 5 in Fighting
   705 | D:7      | Reached skill level 10 in Axes
   710 | D:7      | Reached skill level 11 in Axes
   738 | D:7      | Killed an unseen horror
   738 | D:7      | Gained mutation: You passively map the area around you.
                  | [Deep Dwarf growth]
   738 | D:7      | Reached XP level 9. HP: 51/82 MP: 5/5
   772 | D:7      | Gained mutation: You are somewhat inexperienced. (-2 XL)
                  | [Ru sacrifice]
   772 | D:7      | Reached XP level 8. HP: 51/76 MP: 4/4
   772 | D:7      | Reached XP level 7. HP: 51/68 MP: 3/3
   772 | D:7      | Reached * piety under Ru
   772 | D:7      | Reached ** piety under Ru
   804 | D:8      | Reached skill level 12 in Axes
   821 | D:8      | Reached skill level 6 in Fighting
   872 | D:8      | Noticed mmigdal's ghost (novice DsSk)
   873 | D:8      | Identified the cursed +1 great mace of the Last Continents
                  | {drain, rC+ rN+}
   873 | D:8      | Identified the +1 great mace of Jaabronn {flame, *Slow rF+
                  | MR+ Int+3}
   873 | D:8      | Noticed a two-headed ogre
   878 | D:8      | Found a transporter.
   878 | D:8      | Found a transporter.
   959 | D:8      | Found a snail-covered altar of Cheibriados.
   968 | D:8      | Reached XP level 8. HP: 48/76 MP: 4/4
   984 | D:8      | Your magical essence is drained by the effort!
  1048 | D:9      | Found a sparkling altar of Nemelex Xobeh.
  1154 | D:9      | Found Dodghiev's Antique Armour Shoppe.
  1168 | D:9      | Reached skill level 13 in Axes
  1218 | D:9      | Noticed Prince Ribbit
  1241 | D:9      | Your magical essence is drained by the effort!
  1287 | D:9      | Killed Prince Ribbit
  1301 | D:10     | Entered Level 10 of the Dungeon
  1398 | D:10     | Gained mutation: Your body sometimes deteriorates upon
                  | taking damage. [potion of mutation]
  1398 | D:10     | Gained mutation: You have sharp toenails. [potion of
                  | mutation]
  1399 | D:10     | Lost mutation: Your body sometimes deteriorates upon taking
                  | damage. [potion of mutation]
  1399 | D:10     | Lost mutation: You have sharp toenails. [potion of
                  | mutation]
  1399 | D:10     | Gained mutation: You are somewhat resistant to further
                  | mutation. [potion of mutation]
  1576 | D:10     | Noticed a troll
  1577 | D:10     | Your magical essence is drained by the effort!
  1586 | D:10     | Killed a troll
  1586 | D:10     | Reached skill level 1 in Evocations
  1586 | D:10     | Reached XP level 9. HP: 77/82 MP: 1/3
  1656 | D:10     | Reached skill level 2 in Evocations
  1684 | D:11     | Found a staircase to the Lair.
  1684 | D:11     | Noticed a troll
  1691 | D:11     | Noticed a cyclops
  1707 | D:11     | Killed a cyclops
  1707 | D:11     | Reached skill level 4 in Armour
  1707 | D:11     | Reached skill level 4 in Shields
  1707 | D:11     | Reached skill level 3 in Evocations
  1707 | D:11     | Killed a troll
  1707 | D:11     | Reached skill level 4 in Evocations
  1727 | D:11     | Gained mutation: You are hated by all. [Ru sacrifice]
  1727 | D:11     | Reached *** piety under Ru
  1768 | D:11     | Reached skill level 5 in Evocations
  1788 | D:11     | Found Aqian's Gadget Boutique.
  1811 | D:11     | Found a frozen archway.
  1821 | D:11     | Reached XP level 10. HP: 50/91 MP: 7/7
  1823 | D:11     | Reached skill level 14 in Axes
  1831 | D:11     | Reached skill level 6 in Evocations
  1840 | IceCv    | Entered an ice cave
  1840 | IceCv    | Noticed a white ugly thing
  1841 | IceCv    | Found a transporter.
  1851 | IceCv    | Noticed an ice statue
  1851 | IceCv    | Noticed a white ugly thing
  1851 | IceCv    | Noticed an ice statue
  1869 | D:11     | Reached skill level 5 in Armour
  1869 | D:11     | Reached skill level 5 in Shields
  1870 | D:11     | Killed a white ugly thing
  1914 | D:11     | Found a portal to a secret trove of treasure.
  1919 | D:11     | Noticed an unseen horror
  1932 | D:11     | Killed an unseen horror
  1932 | D:11     | Reached skill level 7 in Evocations
  1964 | D:11     | Killed an unseen horror
  2069 | D:11     | Found a gate leading to a gauntlet.
  2078 | Gauntlet | Entered a Gauntlet
  2078 | Gauntlet | Found a transporter.
  2082 | Gauntlet | Found a transporter.
  2083 | Gauntlet | Found a transporter.
  2083 | Gauntlet | Found a transporter.
  2085 | Gauntlet | Noticed a shining eye
  2091 | Gauntlet | Found a transporter.
  2091 | Gauntlet | Found a transporter.
  2092 | Gauntlet | Found a transporter.
  2097 | Gauntlet | Paralysed by a floating eye for 3 turns
  2100 | Gauntlet | Gained mutation: You are weak. (Str -2) [a shining eye]
  2101 | Gauntlet | Killed a shining eye
  2113 | Gauntlet | Found a transporter.
  2113 | Gauntlet | Found a transporter.
  2115 | Gauntlet | Found a transporter.
  2121 | Gauntlet | Reached skill level 8 in Evocations
  2137 | Gauntlet | Found a transporter.
  2137 | Gauntlet | Found a transporter.
  2137 | Gauntlet | Found a transporter.
  2138 | Gauntlet | Noticed a wizard
  2139 | Gauntlet | Noticed a wizard
  2144 | Gauntlet | Found a transporter.
  2154 | Gauntlet | Your magical essence is drained by the effort!
  2161 | Gauntlet | Identified the ring of Knowledge {rF+ rC+ AC+4}
  2161 | Gauntlet | Noticed a minotaur
  2169 | Gauntlet | Your magical essence is drained by the effort!
  2180 | Gauntlet | Your magical essence is drained by the effort!
  2187 | Gauntlet | Killed a minotaur
  2187 | Gauntlet | Reached skill level 6 in Armour
  2187 | Gauntlet | Reached skill level 6 in Shields
  2213 | D:11     | Reached XP level 11. HP: 72/97 MP: 7/7
  2216 | D:11     | Reached skill level 9 in Evocations
  2282 | Lair:1   | Entered Level 1 of the Lair of Beasts
  2345 | Lair:2   | Found a runed translucent gate.
  2345 | Lair:2   | Found a runed translucent gate.
  2345 | Lair:2   | Found a runed translucent gate.
  2349 | Lair:2   | Noticed Cato's ghost (journeyman DECj)
  2349 | Lair:2   | Noticed Weugil's ghost (journeyman HaBe)
  2512 | Lair:3   | Found a staircase to the Shoals.
  2522 | Lair:3   | Reached skill level 10 in Evocations
  2554 | Shoals:1 | Entered Level 1 of the Shoals
  2567 | Shoals:1 | Reached skill level 7 in Armour
  2567 | Shoals:1 | Reached skill level 7 in Shields
  2571 | Shoals:1 | Found a runed translucent gate.
  2584 | Shoals:1 | Found a runed translucent gate.
  2585 | Shoals:1 | Found a runed translucent gate.
  2598 | Shoals:1 | Noticed voshxx's ghost (journeyman OgFE)
  2598 | Shoals:1 | Noticed sosloow's ghost (journeyman HOTm)
  2695 | Shoals:1 | Noticed a merfolk avatar
  2707 | Shoals:1 | Noticed an alligator snapping turtle
  2765 | Shoals:1 | Killed a merfolk avatar
  2775 | Shoals:1 | Noticed a harpy
  2777 | Shoals:1 | Noticed a harpy
  2777 | Shoals:1 | Noticed a harpy
  2777 | Shoals:1 | Noticed a harpy
  2777 | Shoals:1 | Noticed a harpy
  2784 | Shoals:1 | Killed a harpy
  2784 | Shoals:1 | Reached skill level 11 in Evocations
  2785 | Shoals:1 | Killed a harpy
  2788 | Shoals:1 | Killed a harpy
  2792 | Shoals:1 | Killed a harpy
  2797 | Shoals:1 | Killed a harpy
  2800 | Shoals:1 | Gained mutation: You are frail. (-10% HP) [Ru sacrifice]
  2800 | Shoals:1 | Reached **** piety under Ru
  2800 | Shoals:1 | Reached ***** piety under Ru
  2822 | Shoals:1 | Noticed a sea snake
  2832 | Shoals:1 | Reached skill level 15 in Axes
  2832 | Shoals:1 | Reached XP level 12. HP: 70/94 MP: 10/10
  2843 | Shoals:1 | Reached skill level 8 in Armour
  2843 | Shoals:1 | Reached skill level 8 in Shields
  2843 | Shoals:1 | Reached skill level 12 in Evocations
  2861 | Shoals:2 | Noticed a death yak
  2861 | Shoals:2 | Noticed Ilsuiw
  2861 | Shoals:2 | Noticed a merfolk javelineer
  2864 | Shoals:2 | Noticed Polyphemus
  2864 | Shoals:2 | Noticed a death yak
  2865 | Shoals:2 | Noticed a catoblepas
  2866 | Shoals:2 | Killed a catoblepas
  2869 | Shoals:2 | Killed a merfolk javelineer
  2870 | Shoals:2 | Killed a death yak
  2870 | Shoals:2 | Reached skill level 13 in Evocations
  2875 | Shoals:2 | Killed a death yak
  2883 | Shoals:2 | Reached skill level 7 in Fighting
  2884 | Shoals:2 | Killed Ilsuiw
  2884 | Shoals:2 | Reached skill level 9 in Shields
  2887 | Shoals:2 | Your magical essence is drained by the effort!
  2903 | Shoals:2 | Killed Polyphemus
  2903 | Shoals:2 | Reached XP level 13. HP: 54/103 MP: 6/12
  2906 | Shoals:2 | Your magical essence is drained by the effort!
  2907 | Shoals:2 | Reached skill level 14 in Evocations
  2909 | Shoals:2 | Your magical essence is drained by the effort!
  3002 | Shoals:2 | Noticed a merfolk impaler
  3048 | Shoals:2 | Killed a merfolk impaler
  3161 | Shoals:3 | Found an opulent altar of Gozag.
  3174 | Shoals:3 | Reached skill level 8 in Fighting
  3186 | Shoals:3 | Reached skill level 10 in Shields
  3204 | Shoals:3 | Reached skill level 15 in Evocations
  3264 | Shoals:3 | Reached skill level 16 in Axes
  3281 | Shoals:3 | Noticed a merfolk impaler
  3288 | Shoals:3 | Your magical essence is drained by the effort!
  3288 | Shoals:3 | Noticed a merfolk javelineer
  3293 | Shoals:3 | Killed a merfolk impaler
  3299 | Shoals:3 | Killed a merfolk javelineer
  3360 | Shoals:3 | Reached skill level 16 in Evocations
  3360 | Shoals:3 | Gained mutation: You resist negative energy. (rN+) [Deep
                  | Dwarf growth]
  3360 | Shoals:3 | Reached XP level 14. HP: 59/114 MP: 6/12
  3408 | Shoals:3 | Your magical essence is drained by the effort!
  3436 | Shoals:4 | Entered Level 4 of the Shoals
  3499 | Shoals:4 | Reached skill level 9 in Fighting
  3499 | Shoals:4 | Reached skill level 1 in Dodging
  3522 | Shoals:4 | Reached skill level 11 in Shields
  3534 | Shoals:4 | Reached skill level 2 in Dodging
  3544 | Shoals:4 | Reached skill level 3 in Dodging
  3555 | Shoals:4 | Gained mutation: You cannot be stealthy. [Ru sacrifice]
  3578 | Shoals:4 | Your magical essence is drained by the effort!
  3592 | Shoals:4 | Reached skill level 4 in Dodging
  3743 | Shoals:4 | Got a barnacled rune of Zot
  3877 | Lair:3   | Found a hole to the Spider Nest.
  3883 | Spider:1 | Entered Level 1 of the Spider Nest
  3894 | Spider:1 | Reached skill level 17 in Evocations
  4000 | Spider:2 | Reached skill level 17 in Axes
  4000 | Spider:2 | Reached skill level 5 in Dodging
  4000 | Spider:2 | Reached XP level 15. HP: 86/124 MP: 5/11
  4054 | Spider:2 | Reached skill level 10 in Fighting
  4116 | Spider:2 | Reached skill level 12 in Shields
  4272 | Spider:4 | Entered Level 4 of the Spider Nest
  4370 | Spider:4 | Reached skill level 6 in Dodging
  4380 | Spider:4 | Mutation became permanent: You are weak. (Str -2) [Ru
                  | sacrifice]
  4380 | Spider:4 | Gained mutation: You are weak. (Str -2) [Ru sacrifice]
  4380 | Spider:4 | Reached ****** piety under Ru
  4518 | Spider:4 | Reached skill level 7 in Dodging
  4567 | Spider:4 | Reached skill level 18 in Evocations
  4581 | Spider:4 | Reached skill level 13 in Shields
  4582 | Spider:4 | Killed a ghost moth
  4596 | Spider:4 | Reached skill level 8 in Dodging
  4640 | Spider:4 | Your magical essence is drained by the effort!
  4654 | Spider:4 | Got a gossamer rune of Zot
  4673 | Spider:4 | Killed a ghost moth
  4889 | D:11     | Bought a wand of digging (4) for 272 gold pieces
  5163 | D:13     | Found a gate to the Vaults.
  5213 | D:13     | Your magical essence is drained by the effort!
  5263 | D:15     | Entered Level 15 of the Dungeon
  5271 | D:15     | Cast into level 2 of the Abyss (a wizard)
  5300 | Abyss:3  | Found a corrupted altar of Lugonu.
  5507 | Abyss:3  | Noticed a tentacled starspawn
  5510 | Abyss:3  | Reached XP level 16. HP: 93/131 MP: 11/11
  5523 | Abyss:3  | Killed a tentacled starspawn
  5653 | Abyss:3  | Noticed a tentacled starspawn
  5659 | Abyss:3  | Killed a tentacled starspawn
  5742 | Abyss:3  | Noticed a tentacled starspawn
  5755 | Abyss:3  | Killed a tentacled starspawn
  5755 | Abyss:3  | Reached skill level 9 in Armour
  5764 | Abyss:3  | Reached skill level 14 in Shields
  5785 | Abyss:3  | Your magical essence is drained by the effort!
  5788 | Abyss:3  | Your magical essence is drained by the effort!
  5813 | Abyss:3  | Reached skill level 19 in Evocations
  5826 | Abyss:3  | Your magical essence is drained by the effort!
  5856 | Abyss:3  | Your magical essence is drained by the effort!
  6028 | Abyss:3  | Noticed an Executioner
  6029 | Abyss:3  | Reached skill level 11 in Fighting
  6055 | Abyss:3  | Noticed a tentacled starspawn
  6058 | Abyss:3  | Killed an Executioner
  6058 | Abyss:3  | Reached skill level 10 in Armour
  6062 | Abyss:3  | Noticed a tentacled starspawn
  6065 | Abyss:3  | Killed a tentacled starspawn
  6073 | Abyss:3  | Killed a tentacled starspawn
  6183 | Abyss:4  | Identified a scroll of acquirement
  6218 | Abyss:5  | Entered Level 5 of the Abyss
  6221 | Abyss:5  | Noticed an acid blob
  6235 | Abyss:5  | Reached XP level 17. HP: 105/141 MP: 8/8
  6247 | Abyss:5  | Got an abyssal rune of Zot
  6270 | D:15     | Escaped the Abyss
  6380 | D:15     | Found a staircase to the Depths.
  6385 | D:15     | Reached skill level 15 in Shields
  6441 | Depths:1 | Entered Level 1 of the Depths
  6479 | Depths:1 | Reached skill level 11 in Armour
  6498 | Depths:1 | Got an amber-encrusted plate armour
  6509 | Depths:1 | Identified the +0 plate armour of Understanding {Regen+}
                  | (You found it on level 1 of the Depths)
  6561 | Depths:1 | Reached skill level 20 in Evocations
  6584 | Depths:1 | Found a gateway to Hell.
  6716 | Depths:2 | Found a one-way gate to the infinite horrors of the Abyss.
  6780 | Depths:2 | Your magical essence is drained by the effort!
  6784 | Depths:2 | Reached skill level 12 in Fighting
  6848 | Depths:3 | Paralysed by a vampire knight for 3 turns
  6870 | Depths:3 | Found a sparkling altar of Nemelex Xobeh.
  6901 | Depths:4 | Reached skill level 12 in Armour
  7012 | Depths:4 | Noticed a lich
  7023 | Depths:4 | Killed a lich
  7095 | Depths:4 | Paralysed by a great orb of eyes for 6 turns
  7118 | Depths:4 | Noticed a lich
  7118 | Depths:4 | Noticed a caustic shrike
  7118 | Depths:4 | Noticed a caustic shrike
  7118 | Depths:4 | Noticed a caustic shrike
  7119 | Depths:4 | Noticed a caustic shrike
  7119 | Depths:4 | Noticed a caustic shrike
  7121 | Depths:4 | Killed a lich
  7121 | Depths:4 | Gained mutation: You passively map a large area around you.
                  | [Deep Dwarf growth]
  7121 | Depths:4 | Reached XP level 18. HP: 119/153 MP: 7/9
  7121 | Depths:4 | Reached skill level 21 in Evocations
  7122 | Depths:4 | Killed a caustic shrike
  7122 | Depths:4 | Killed a caustic shrike
  7122 | Depths:4 | Killed a caustic shrike
  7122 | Depths:4 | Reached skill level 13 in Fighting
  7122 | Depths:4 | Reached skill level 13 in Armour
  7124 | Depths:4 | Killed a caustic shrike
  7129 | Depths:4 | Killed a caustic shrike
  7137 | Depths:4 | Your magical essence is drained by the effort!
  7153 | Depths:4 | Your magical essence is drained by the effort!
  7158 | Depths:5 | Entered Level 5 of the Depths
  7162 | Depths:5 | Noticed Frederick
  7194 | Depths:5 | Killed Frederick
  7216 | Depths:5 | Noticed Jory
  7223 | Depths:5 | Noticed a golden dragon
  7228 | Depths:5 | Noticed a juggernaut
  7231 | Depths:5 | Reached skill level 14 in Armour
  7232 | Depths:5 | Noticed a golden dragon
  7233 | Depths:5 | Noticed an ancient lich
  7238 | Depths:5 | Killed a golden dragon
  7240 | Depths:5 | Reached skill level 22 in Evocations
  7240 | Depths:5 | Killed Jory
  7241 | Depths:5 | Your magical essence is drained by the effort!
  7245 | Depths:5 | Your magical essence is drained by the effort!
  7258 | Depths:5 | Killed an ancient lich
  7264 | Depths:5 | Killed a juggernaut
  7264 | Depths:5 | Reached skill level 14 in Fighting
  7264 | Depths:5 | Reached XP level 19. HP: 161/163 MP: 7/7
  7275 | Depths:5 | Killed a golden dragon
  7348 | Depths:5 | Reached skill level 15 in Armour
  7355 | Depths:5 | Found a gate to the Realm of Zot.
  7388 | Depths:5 | Your magical essence is drained by the effort!
  7391 | Depths:5 | Your magical essence is drained by the effort!
  7419 | Zot:1    | Entered Level 1 of the Realm of Zot
  7464 | Zot:1    | Your magical essence is drained by the effort!
  7472 | Zot:1    | Noticed an electric golem
  7472 | Zot:1    | Noticed an orb of fire
  7479 | Zot:1    | Noticed an orb of fire
  7483 | Zot:1    | HP: 3/164 [orb of fire/bolt of fire (15)]
  7483 | Zot:1    | Mangled by a death cob

Illustrated notes

Levels and vault maps discovered:
D:1:      nzn_arrival_depleted_hourglass, layout_basic
D:2:      wad_river_or_something, layout_rooms, lemuel_round_altar,
          fiery_altar_vehumet, lemuel_doored_altar, corexii_corridor_pit,
          roderic_st_hans_cross
D:3:      mumra_celtic_spiral_tile, layout_loops_ring
D:4:      layout_cave_pools, grunt_temple_overflow_champion_of_chaos,
          minmay_temple_entry_large_hall, first_ration
D:5:      layout_cave_pools, dancing_weapons_uskayaw, lemuel_angel_altar
D:6:      layout_basic, nicolae_water_bricks
D:7:      minmay_blocky_corners, layout_basic, serial_shops, shop, uniq_maggie
D:8:      layout_loops_ring, slow_altar_1, gammafunk_ghost_smash, basic_altar,
          minmay_nine_imps
D:9:      layout_irregular_city, old_standard_altar,
          gammafunk_temple_overflow_claw, serial_shops,
          nicolae_shop_temple_entry_statues_fountains, grunt_pizzeria,
          kennysheep_generic_room_13, uniq_maurice, uniq_prince_ribbit1
D:10:     layout_stronghold, serial_column_ruins, column_ruins_hut,
          column_ruins_grid_1, column_ruins_columns_straight,
          column_ruins_corridor_corner, column_ruins_open_tiny_water
D:11:     layout_basic, erik_lair_orcish_takeover, enter_trove_0,
          portal_ice_cave_entry_ice_beasts, serial_shops, nicolae_shop_trees,
          gauntlet_entry_generic, uniq_josephine
D:12:     layout_basic, orc_0_dummy
D:13:     layout_grid_maze, david_vaults_1, uniq_nessos
D:14:     layout_cave_pods, hangedman_abyss_or_decor_jellyfish_corner
D:15:     hangedman_depths_entry_try_elsewhere_first, layout_cave_pools,
          serial_park_tiny_2
Temple:   jpeg_temple_clearing
Lair:1:   layout_layer_cave, basic_altar
Lair:2:   layout_long_grid, gammafunk_ghost_cemetery,
          infiniplex_staircase_pool_2, grunt_megastairs_2
Lair:3:   layout_regular_city, minmay_shoals_entry_beasts,
          spider_nest_entry_rubble, serial_forest, infiniplex_forest_clump_long,
          infiniplex_forest_clump_small, infiniplex_forest_end_3,
          infiniplex_forest_lined_room_2, infiniplex_forest_side_room,
          infiniplex_forest_clump_tiny, infiniplex_forest_corner_2,
          chequers_serial_rivers_marsh, beast_lair_carwin_2
Shoals:1: layout_shoals, gammafunk_ghost_cemetery
Shoals:2: layout_shoals, hangedman_shoals_cup_caves, uniq_polyphemus,
          uniq_ilsuiw
Shoals:3: layout_shoals, lemuel_oklob_altar
Shoals:4: shoals_end_grunt_ice, layout_shoals
Spider:1: layout_spider_delve
Spider:2: layout_spider_delve
Spider:3: layout_spider_delve, nicolae_spider_cling_ruins
Spider:4: grunt_spider_rune_circles
Depths:1: layout_gridlike, minmay_room_of_horrors, hell_entry, chequers_jeans,
          minmay_misc_feat_enclosed, bh_walls_and_bars, serial_bayou_shore_b
Depths:2: hangedman_six_sided_sadism, layout_gridlike, abyss_entry, hell_entry,
          minmay_shop_grove
Depths:3: cheibrodos_lost_city_excavation, layout_cave_pools,
          grunt_mini_vestibule, pan_entry, abyss_entry_flame_altar,
          nemelex_xobeh_ov_fountains_minmay, st_stairs_12,
          minmay_misc_feat_hallway, hangedman_decor_slide_cut
Depths:4: grunt_deathspiral_small, layout_cave_pools, hangedman_decor_opposing,
          abyss_entry, pf_hell_entry_tar_spiral, infiniplex_staircase_zigzag_3
Depths:5: grunt_zot_entry_bicorn, layout_twisted_cross, enter_ziggurat_b,
          minmay_stone_trees_medium, hangedman_coc_ice_floe, abyss_entry,
          kennysheep_random_hallway, uniq_frederick, uniq_jory
Zot:1:    layout_onion_interference

Skill      XL: |  1  2  3  4  5  6  7  8  9 10 11 12 13 14 15 16 17 18 19 |
---------------+----------------------------------------------------------+-----
Axes           | 3 4 5 7 8 12 13 14 15 16 17 | 17.0
Fighting       | 6 5 7 8 9 10 11 12 14 | 14.6
Evocations     | 1 5 8 11 13 16 17 18 19 20 22 | 22.7
Armour         | 4 6 7 8 10 12 14 15 | 15.1
Shields        | 4 6 7 9 10 11 13 14 15 | 15.0
Dodging        | 5 8 |  8.8

Action                   |  1- 3 |  4- 6 |  7- 9 | 10-12 | 13-15 | 16-18 | 19-21 || total
-------------------------+-------+-------+-------+-------+-------+-------+-------++-------
Melee: War axe           |    25 |    88 |   337 |   263 |   739 |   762 |   126 ||  2340
 Fire: Hand crossbow     |       |       |       |       |     5 |       |       ||     5
Invok: Sacrifice Experie |       |       |     1 |       |       |       |       ||     1
       Draw Out Power    |       |       |     1 |    11 |    26 |    27 |     6 ||    71
       Sacrifice Love    |       |       |     1 |       |       |       |       ||     1
       Sacrifice Health  |       |       |       |     1 |       |       |       ||     1
       Apocalypse        |       |       |       |     1 |     2 |       |       ||     3
       Power Leap        |       |       |       |       |    21 |     1 |       ||    22
       Sacrifice Stealth |       |       |       |       |     1 |       |       ||     1
       Sacrifice Purity  |       |       |       |       |     1 |       |       ||     1
 Abil: Heal Wounds       |     3 |     3 |    23 |    25 |    32 |    30 |    10 ||   126
Evoke: Wand              |       |       |       |     6 |    19 |    17 |       ||    42
       Lightning rod     |       |       |       |     8 |    11 |     4 |       ||    23
       Tin of tremorston |       |       |       |     4 |     9 |    21 |     3 ||    37
       Phial of floods   |       |       |       |       |       |     1 |     1 ||     2
  Use: Scroll            |       |     2 |     9 |     9 |     9 |    13 |       ||    42
       Potion            |       |       |     3 |     2 |       |     1 |     1 ||     7
 Stab: Invisible         |       |       |    12 |     5 |     4 |     6 |       ||    27
       Paralysed         |       |       |       |     2 |     5 |     8 |     1 ||    16
       Distracted        |       |       |       |       |     7 |     9 |     3 ||    19
       Confused          |       |       |       |       |     1 |       |       ||     1
  Eat: Ration            |       |       |     1 |     2 |     2 |     2 |       ||     7
       Chunk             |       |       |     2 |       |     3 |       |       ||     5
Armor: Scale mail        |    27 |    76 |    20 |       |       |       |       ||   123
       Plate armour      |       |       |   211 |   235 |   431 |   405 |    78 ||  1360
       Gold dragon scale |       |       |       |       |       |       |    14 ||    14
Dodge: Dodged            |    14 |    31 |    83 |    31 |   174 |   330 |    78 ||   741
       Repelled          |       |       |       |       |    19 |    16 |     3 ||    38
Block: Kite shield       |    25 |    68 |   219 |    12 |       |       |       ||   324
       Tower shield      |       |       |       |   298 |   881 |  1007 |   171 ||  2357
